PAA
MARQUETTE MINERS @ MERCER ISLAND SCREAMING EAGLES
07/21/2033
 
TOP OF THE 1ST
Marquette Miners batting - Pitching for Mercer Island Screaming Eagles : LHP Pavle Simic
Pitching: LHP Pavle Simic
Batting: RHB Sameen Shaw 0-0: Called Strike
0-1: Ball
1-1: Called Strike
1-2: Ball
2-2: Ground out 5-3 (Groundball, 56)
Batting: RHB Mike Elzey 0-0: Fly out, F8 (Flyball, 78S)
Batting: RHB Brock Dean 0-0: Ball
1-0: SINGLE (Groundball, 34D)
Batting: RHB Franklin Kelley 0-0: Called Strike
0-1: Ball
1-1: Ball
2-1: Ball
3-1: Called Strike
3-2: Foul Ball, location: 2F
3-2: Ground out 6-3 (Groundball, 56)
Top of the 1st over - 0 runs, 1 hit, 0 errors, 1 left on base; Marquette 0 - Mercer Island 0
BOTTOM OF THE 1ST
Mercer Island Screaming Eagles batting - Pitching for Marquette Miners : RHP James Bennett
Pitching: RHP James Bennett
Batting: RHB Juan Dávila 0-0: Ball
1-0: Called Strike
1-1: DOUBLE (Line Drive, 7D)
Batting: RHB Alfredo García 0-0: Foul Ball, location: 2F
0-1: Ball
1-1: Called Strike
1-2: Foul Ball, location: 2F
1-2: SINGLE (Line Drive, 8RS)
Juan Dávila to third
Runner from 3rd tries for Home, SAFE, no throw
Batting: RHB Oliver Burrell 0-0: Ball
1-0: Swinging Strike
1-1: Ball
2-1: Foul Ball, location: 2F
2-2: Foul Ball, location: 2F
2-2: Ball
3-2: Strikes out swinging
Alfredo García steals 2nd base
Batter strikes out.
Batting: RHB Charlie Rhodes 0-0: Fly out, F7 (Flyball, 78S)
Batting: RHB Juan Reyes 0-0: Called Strike
0-1: Ball
1-1: Foul Ball, location: 2F
1-2: Foul Ball, location: 2F
1-2: Foul Ball, location: 2F
1-2: Strikes out swinging
Bottom of the 1st over - 1 run, 2 hits, 0 errors, 1 left on base; Marquette 0 - Mercer Island 1
TOP OF THE 2ND
Marquette Miners batting - Pitching for Mercer Island Screaming Eagles : LHP Pavle Simic
Batting: RHB Eli Cline 0-0: Ground out 6-3 (Groundball, 6)
Batting: RHB Andrew Cantrell 0-0: Ball
1-0: Ball
2-0: Called Strike
2-1: Foul Ball, location: 2F
2-2: Ball
3-2: SINGLE (Line Drive, 6)
Batting: RHB Mark Keys 0-0: Ball
1-0: Ball
2-0: Ball
3-0: Called Strike
3-1: SINGLE (Groundball, 6) (infield hit)
Andrew Cantrell to second
Batting: RHB Ryan French 0-0: DOUBLE (Flyball, 89D)
Andrew Cantrell scores
Mark Keys to third
Batting: RHB Miguel Angel Montaño 0-0: Foul Ball, location: 2F
0-1: Foul Ball, location: 2F
0-2: Ball
1-2: Ground out 1-3 (Groundball, 15S)
Batting: RHB Sameen Shaw 0-0: Called Strike
0-1: Foul Ball, location: 2F
0-2: Foul Ball, location: 2F
0-2: Foul Ball, location: 2F
0-2: Strikes out looking
Top of the 2nd over - 1 run, 3 hits, 0 errors, 2 left on base; Marquette 1 - Mercer Island 1
BOTTOM OF THE 2ND
Mercer Island Screaming Eagles batting - Pitching for Marquette Miners : RHP James Bennett
Batting: SHB Serious Lee 0-0: Fly out, F5 (Line Drive, 56S)
Batting: RHB Terry John 0-0: Foul Ball, location: 2F
0-1: Ball
1-1: Ground out 5-3 (Groundball, 56)
Batting: RHB António Ramírez 0-0: Called Strike
0-1: Swinging Strike
0-2: Ball
1-2: Strikes out swinging
Bottom of the 2nd over - 0 runs, 0 hits, 0 errors, 0 left on base; Marquette 1 - Mercer Island 1
TOP OF THE 3RD
Marquette Miners batting - Pitching for Mercer Island Screaming Eagles : LHP Pavle Simic
Batting: RHB Mike Elzey 0-0: Ball
1-0: Ball
2-0: Foul Ball, location: 2F
2-1: Fly out, F6 (Popup, 6MS)
Batting: RHB Brock Dean 0-0: Ball
1-0: Foul Ball, location: 2F
1-1: Ball
2-1: Swinging Strike
2-2: Ball
3-2: Base on Balls
Batting: RHB Franklin Kelley 0-0: Ball
1-0: Foul Ball, location: 2F
1-1: Ball
2-1: Ball
3-1: Foul Ball, location: 2F
3-2: Foul Ball, location: 2F
3-2: Fly out, F3 (Popup, 34S)
Batting: RHB Eli Cline 0-0: Ball
1-0: Called Strike
Brock Dean steals 2nd base
1-1: Fly out, F5 (Line Drive, 56)
Top of the 3rd over - 0 runs, 0 hits, 0 errors, 1 left on base; Marquette 1 - Mercer Island 1
BOTTOM OF THE 3RD
Mercer Island Screaming Eagles batting - Pitching for Marquette Miners : RHP James Bennett
Batting: RHB Dennis Wacher 0-0: Foul Ball, location: 2F
0-1: Foul Ball, location: 2F
0-2: SINGLE (Flyball, 89S)
Batting: RHB Juan Dávila 0-0: DOUBLE (Groundball, 5L)
Dennis Wacher to third
Runner from 3rd tries for Home, SAFE, no throw
Batting: RHB Alfredo García 0-0: Ball
1-0: Ball
2-0: Ball
3-0: Called Strike
3-1: Base on Balls
Batting: RHB Oliver Burrell 0-0: Foul Ball, location: 2F
0-1: Ball
1-1: 3-RUN HOME RUN (Flyball, 7LD), Distance : 347 ft
Batting: RHB Charlie Rhodes 0-0: Ball
1-0: Swinging Strike
1-1: Called Strike
1-2: Foul Ball, location: 2F
1-2: Foul Ball, location: 2F
1-2: Ball
2-2: Strikes out swinging
Batting: RHB Juan Reyes 0-0: Called Strike
0-1: Ball
1-1: Foul Ball, location: 2F
1-2: Ball
2-2: Ball
3-2: Foul Ball, location: 2F
3-2: SINGLE (Groundball, 6MD)
Batting: SHB Serious Lee 0-0: Ball
1-0: Ball
2-0: Swinging Strike
2-1: Grounds into double play, 1-6-3 (Groundball, P)
Bottom of the 3rd over - 4 runs, 4 hits, 0 errors, 0 left on base; Marquette 1 - Mercer Island 5
TOP OF THE 4TH
Marquette Miners batting - Pitching for Mercer Island Screaming Eagles : LHP Pavle Simic
Batting: RHB Andrew Cantrell 0-0: Swinging Strike
0-1: Foul Ball, location: 2F
0-2: Fly out, F9 (Flyball, 9LS)
Batting: RHB Mark Keys 0-0: Ball
1-0: Swinging Strike
1-1: SINGLE (Line Drive, 89S)
Batting: RHB Ryan French 0-0: Ball
1-0: Called Strike
1-1: Ball
2-1: Ground out 3-1 (Groundball, 34S)
Mark Keys to second
Batting: RHB Miguel Angel Montaño 0-0: Ball
1-0: Ball
2-0: Ground out 5-3 (Groundball, 56)
Top of the 4th over - 0 runs, 1 hit, 0 errors, 1 left on base; Marquette 1 - Mercer Island 5
BOTTOM OF THE 4TH
Mercer Island Screaming Eagles batting - Pitching for Marquette Miners : RHP James Bennett
Batting: RHB Terry John 0-0: Ball
1-0: Foul Ball, location: 2F
1-1: Ball
2-1: Foul Ball, location: 2F
2-2: Fly out, F8 (Flyball, 89XD)
Batting: RHB António Ramírez 0-0: Called Strike
0-1: Ball
1-1: Swinging Strike
1-2: Strikes out swinging
Batting: RHB Dennis Wacher 0-0: Ball
1-0: Ball
2-0: DOUBLE (Line Drive, 89XD)
Batting: RHB Juan Dávila 0-0: Called Strike
0-1: Ball
1-1: Called Strike
1-2: Foul Ball, location: 2F
1-2: Strikes out looking
Bottom of the 4th over - 0 runs, 1 hit, 0 errors, 1 left on base; Marquette 1 - Mercer Island 5
TOP OF THE 5TH
Marquette Miners batting - Pitching for Mercer Island Screaming Eagles : LHP Pavle Simic
Batting: RHB Sameen Shaw 0-0: Ball
1-0: Reached on error, E1 (Groundball, 13)
Batting: RHB Mike Elzey 0-0: Ball
1-0: Called Strike
1-1: Ball
2-1: Called Strike
2-2: Strikes out swinging
Batting: RHB Brock Dean 0-0: Foul Ball, location: 2F
0-1: Called Strike
0-2: Ball
1-2: Ball
2-2: Ball
3-2: SINGLE (Line Drive, 4MD)
Sameen Shaw to second
Batting: RHB Franklin Kelley 0-0: Ball
1-0: Swinging Strike
1-1: Foul Ball, location: 2F
1-2: Ball
2-2: Grounds into double play, 5-4-3 (Groundball, 5)
Top of the 5th over - 0 runs, 1 hit, 1 error, 1 left on base; Marquette 1 - Mercer Island 5
BOTTOM OF THE 5TH
Mercer Island Screaming Eagles batting - Pitching for Marquette Miners : RHP James Bennett
Batting: RHB Alfredo García 0-0: Called Strike
0-1: Ball
1-1: Ground out 5-3 (Groundball, 56S)
Batting: RHB Oliver Burrell 0-0: Called Strike
0-1: Called Strike
0-2: Ball
1-2: Strikes out looking
Batting: RHB Charlie Rhodes 0-0: Ball
1-0: Fly out, F8 (Flyball, 8LM)
Bottom of the 5th over - 0 runs, 0 hits, 0 errors, 0 left on base; Marquette 1 - Mercer Island 5
TOP OF THE 6TH
Marquette Miners batting - Pitching for Mercer Island Screaming Eagles : LHP Pavle Simic
Batting: RHB Eli Cline 0-0: Ball
1-0: Fly out, F7 (Line Drive, 7LM)
Pitching: RHP José Sauls
Batting: RHB Andrew Cantrell 0-0: Foul Ball, location: 2F
0-1: Ball
1-1: Ball
2-1: Called Strike
2-2: Fly out, F6 (Popup, 6MD)
Batting: RHB Mark Keys 0-0: Called Strike
0-1: Ball
1-1: Ball
2-1: Ball
3-1: Fly out, F8 (Flyball, 8RS)
Top of the 6th over - 0 runs, 0 hits, 0 errors, 0 left on base; Marquette 1 - Mercer Island 5
BOTTOM OF THE 6TH
Mercer Island Screaming Eagles batting - Pitching for Marquette Miners : RHP James Bennett
Batting: RHB Juan Reyes 0-0: Foul Ball, location: 2F
0-1: Ball
1-1: Ball
2-1: Foul Ball, location: 2F
2-2: Strikes out looking
Batting: SHB Serious Lee 0-0: Foul Ball, location: 2F
0-1: Foul Ball, location: 2F
0-2: Ball
1-2: Ball
2-2: Foul Ball, location: 2F
2-2: Ground out 1-3 (Groundball, 13S)
Batting: RHB Terry John 0-0: SINGLE (Line Drive, 7S)
Batting: RHB António Ramírez 0-0: Foul Ball, location: 2F
0-1: Ball
1-1: Foul Ball, location: 2F
1-2: Ball
2-2: Ground out 5-3 (Groundball, 56S)
Bottom of the 6th over - 0 runs, 1 hit, 0 errors, 1 left on base; Marquette 1 - Mercer Island 5
TOP OF THE 7TH
Marquette Miners batting - Pitching for Mercer Island Screaming Eagles : RHP José Sauls
Batting: RHB Ryan French 0-0: Called Strike
0-1: Foul Ball, location: 2F
0-2: Foul Ball, location: 2F
0-2: Strikes out swinging
Batting: RHB Miguel Angel Montaño 0-0: Ball
1-0: Fly out, F9 (Flyball, 9D)
Batting: RHB Sameen Shaw 0-0: Ball
1-0: Ball
2-0: Ground out 6-3 (Groundball, 6)
Top of the 7th over - 0 runs, 0 hits, 0 errors, 0 left on base; Marquette 1 - Mercer Island 5
BOTTOM OF THE 7TH
Mercer Island Screaming Eagles batting - Pitching for Marquette Miners : RHP James Bennett
Batting: RHB Dennis Wacher 0-0: Fly out, F8 (Flyball, 8RS)
Batting: RHB Juan Dávila 0-0: Ball
1-0: Ball
2-0: Foul Ball, location: 2F
2-1: SINGLE (Groundball, 6MD)
Pitching: LHP Jet Toner
Batting: RHB Alfredo García 0-0: Ball
1-0: Called Strike
1-1: Ball
2-1: Swinging Strike
2-2: Foul Ball, location: 2F
2-2: Ball
3-2: SINGLE (Line Drive, 89S)
Juan Dávila to second
Batting: RHB Oliver Burrell 0-0: Called Strike
0-1: Ball
1-1: Ball
2-1: Ball
3-1: Called Strike
3-2: Strikes out swinging
Batting: RHB Charlie Rhodes 0-0: Called Strike
0-1: Fielders Choice at 2nd, 5-4 (Groundball, 5)
Bottom of the 7th over - 0 runs, 2 hits, 0 errors, 2 left on base; Marquette 1 - Mercer Island 5
TOP OF THE 8TH
Marquette Miners batting - Pitching for Mercer Island Screaming Eagles : RHP José Sauls
Batting: RHB Mike Elzey 0-0: Ball
1-0: Called Strike
1-1: Ground out 6-3 (Groundball, 6)
Batting: RHB Brock Dean 0-0: Ball
1-0: Foul Ball, location: 2F
1-1: Ball
2-1: Fly out, F8 (Flyball, 8RD)
Batting: RHB Franklin Kelley 0-0: Ball
1-0: Called Strike
1-1: Called Strike
1-2: Ball
2-2: Foul Ball, location: 2F
2-2: Ball
3-2: Fly out, F8 (Flyball, 8LS)
Top of the 8th over - 0 runs, 0 hits, 0 errors, 0 left on base; Marquette 1 - Mercer Island 5
BOTTOM OF THE 8TH
Mercer Island Screaming Eagles batting - Pitching for Marquette Miners : LHP Jet Toner
Batting: RHB Juan Reyes 0-0: Ball
1-0: Called Strike
1-1: Called Strike
1-2: Foul Ball, location: 2F
1-2: Fly out, F9 (Line Drive, 89D)
Batting: RHB Bart Goodine 0-0: Called Strike
0-1: Called Strike
0-2: Foul Ball, location: 2F
0-2: SINGLE (Line Drive, 7S)
Batting: RHB Terry John 0-0: Ball
1-0: Called Strike
1-1: Fly out, F7 (Flyball, 78M)
Batting: RHB António Ramírez 0-0: Fly out, F6 (Popup, 4M)
Bottom of the 8th over - 0 runs, 1 hit, 0 errors, 1 left on base; Marquette 1 - Mercer Island 5
TOP OF THE 9TH
Marquette Miners batting - Pitching for Mercer Island Screaming Eagles : RHP Jules Goux
Pitching: RHP Jules Goux
Now in CF: Bart Goodine
Batting: RHB Eli Cline 0-0: Ball
1-0: Ball
2-0: Ground out U3 (Groundball, 3L)
Batting: RHB Andrew Cantrell 0-0: Ball
1-0: Foul Ball, location: 2F
1-1: Swinging Strike
1-2: Strikes out swinging
Batting: RHB Mark Keys 0-0: Fly out, F9 (Flyball, 89M)
Top of the 9th over - 0 runs, 0 hits, 0 errors, 0 left on base; Marquette 1 - Mercer Island 5
Saturday, December 22nd, 2018 - OOTP Baseball 18.8 Build 76